 Dungeon Crawl Stone Soup version 0.30.0-3-ga4e48a9924 (webtiles) character file.

Game seed: 11438201417316082276

7389 zlionsfan the Carver (level 11, -1/78 HPs)
             Began as a Djinni Wanderer on May 7, 2023.
             Was a High Priest of Qazlal.
             Killed from afar by an oklob plant (16 damage)
             ... with a splash of acid
             ... on level 1 of the Lair of Beasts on May 8, 2023.
             The game lasted 00:30:52 (9351 turns).

zlionsfan the Carver (Djinni Wanderer)              Turns: 9351, Time: 00:30:53

Health: -1/78      AC:  2    Str: 12    XL:     11   Next: 36%
Gold:   546        EV: 13    Int: 14    God:    Qazlal [*****.] SH:  6 Dex: 16

rFire   + + .        a - +1 falchion (heavy)
rCold   x . .        (no shield)
rNeg    . . .        f - +2 robe {Archmagi}
rPois   ∞            E - +1 hat
rElec   .            P - scarf {+Inv}
rCorr   .            h - +0 pair of gloves
SInv    +            (boots unavailable)
Will    +....        (no amulet)
Stlth   +            j - ring of see invisible
HPRegen 0.33/turn    t - +4 ring of protection
MPRegen 0.00/turn

%: repel missiles, archmagi, infuse magic (-2 HP)
@: corroded, flying
A: sickness immunity, fire resistance 2, cold vulnerability 1, float, innate
caster, HP casting, extra vitality 1
a: Renounce Religion, Evoke Invisibility, Upheaval, Elemental Force, Disaster
Area


You were on level 1 of the Lair of Beasts.
You worshipped Qazlal.
Qazlal was extremely pleased with you.
You visited 3 branches of the dungeon, and saw 12 of its levels.
You also visited: Sewer.

You collected 654 gold pieces.
You spent 108 gold pieces at shops.

Inventory:

Hand Weapons
 a - a +1 heavy falchion (weapon)
 b - a +0 shortbow
 n - a +2 falchion
Missiles
 B - 5 curare-tipped darts
 F - 2 throwing nets (quivered)
 H - 3 javelins
Armour
 f - a +2 robe of the Archmagi (worn)
 h - a +0 pair of gloves (worn)
 E - a +1 hat (worn)
 P - a scarf of invisibility (worn)
Jewellery
 j - a ring of see invisible (left hand)
 t - a +4 ring of protection (right hand)
 I - a ring of protection from fire
 O - a ring of ice
Wands
 d - a wand of digging (7)
 y - a wand of flame (13)
 J - a wand of roots (14)
 L - a wand of paralysis (8)
Scrolls
 c - 2 scrolls of enchant armour {unknown}
 e - 2 scrolls of fear
 k - 4 scrolls of poison
 m - a scroll of silence
 o - 5 scrolls of teleportation
 p - 2 scrolls of vulnerability
 q - 2 scrolls of fog
 r - a scroll of immolation {unknown}
 s - a scroll of brand weapon {unknown}
 w - a scroll of summoning {unknown}
 x - a scroll of blinking {unknown}
 D - 2 scrolls of enchant weapon {unknown}
 K - 2 scrolls of torment {unknown}
 M - a scroll of acquirement {unknown}
Potions
 g - a potion of flight {unknown}
 i - 4 potions of curing
 l - a potion of cancellation {unknown}
 u - 2 potions of brilliance {unknown}
 z - 3 potions of mutation
 A - 2 potions of lignification {unknown}
 C - a potion of invisibility {unknown}
 G - 3 potions of attraction {unknown}
 N - a potion of ambrosia {unknown}


   Skills:
 * Level 6.5 Fighting
 * Level 11.4 Long Blades
 + Level 1.2 Ranged Weapons
 + Level 1.6 Throwing
 + Level 6.3 Armour
 + Level 3.8 Dodging
 + Level 1.0 Stealth
 + Level 3.8 Shields
 * Level 4.7 Spellcasting


You knew the following spells:

 Your Spells              Type           Power      Damage    Failure   Level
a - Sandblast             Erth           48%        2d12      2%          1
b - Scorch                Fire           48%        2d7       4%          2
c - Portal Projectile     Hex/Tloc       48%        N/A       8%          3
d - Frozen Ramparts       Ice            48%        1d8       8%          3
e - Summon Mana Viper     Hex/Summ       24%        N/A       58%         5
Your spell library was empty.

Dungeon Overview and Level Annotations

Branches:
Dungeon (10/15)            Temple (1/1) D:5            Lair (1/5) D:10
  Sewer (visited)
    Orc: D:9-12

Altars:
Ashenzari
Cheibriados
Dithmenos
Elyvilon
Fedhas
Gozag
Hepliaklqana
Makhleb
Nemelex Xobeh
Okawaru
Qazlal
Ru
Trog
Uskayaw
Wu Jian
Xom
Yredelemnul
Zin
The Shining One

Shops:
D:3 =   D:4 *   D:9 *

Annotations:
D:8 exclusion: statue
Lair:1 exclusion: oklob plant


Innate Abilities, Weirdness & Mutations

You are immune to sickness and miasma.
You are immune to poison.
Your flesh is very heat resistant. (rF++)
You are vulnerable to cold. (rC-)
You float through the air rather than walking.
You learn spells naturally, not from books.
Your magical power is your life essence.
You have superior vitality. (+4 MHP)


Message History

You hit the oklob plant but do no damage.
The cane toad stings you.
* * * LOW HITPOINT WARNING * * *
You feel much better. The cane toad barely misses you.
You hit the oklob plant but do no damage.
The cane toad stings you!
You slash the oklob plant!
The oklob plant is moderately damaged.
The cane toad stings you!
* * * LOW HITPOINT WARNING * * *
You block the cane toad's attack.
You feel much better. The cane toad closely misses you.
You hit the oklob plant but do no damage.
The oklob plant is moderately damaged.
The cane toad stings you!
* * * LOW HITPOINT WARNING * * *
The oklob plant spits acid at you.
The splash of acid is repelled.
You hit the oklob plant.
The oklob plant is moderately damaged.
You block the cane toad's attack. x2
You hit the oklob plant but do no damage.
The oklob plant is moderately damaged.
The cane toad stings you!
* * * LOW HITPOINT WARNING * * *
You feel better. The cane toad stings you!!
* * * LOW HITPOINT WARNING * * *
You feel better. The cane toad barely misses you.
As you read the scroll of fear, it crumbles to dust.
You assume a fearsome visage.
The oklob plant is unaffected.
The cane toad looks frightened!
You hit the oklob plant but do no damage.
The oklob plant is moderately damaged.
You slash the oklob plant!
The oklob plant is moderately damaged.
You slice the oklob plant!!
The oklob plant is severely damaged.
The oklob plant spits acid at you. The splash of acid hits you!
You die...

#..# #.. ...#
..#.P##.##..##
......#<#....#
#.#. #...>#.#
#..##...##.#
#....#...##
#^..☼§....#
###.○§...##
#...@§...#
#...P°°..#
.......°○#.F#
#.##.........#
# ###..###....
#### .... ##.


You could see an oklob plant and a cane toad (fleeing).

Vanquished Creatures
  Maggie (D:8)
  A troll (D:10)
  A hornet (D:10)
  Grinder (D:4)
  Sigmund (D:6)
  11 yaks
  A steam dragon (D:9)
  3 wargs (D:10)
  An acid dragon (D:10)
  3 water moccasins
  An orc warrior (D:9)
  5 sky beasts
  An ice beast (D:7)
  2 black bears
  3 centaurs
  3 phantoms
  4 bullfrogs
  3 gnoll sergeants
  4 scorpions
  8 killer bees (D:10)
  3 howler monkeys
  4 hounds
  9 orc priests
  2 iguanas
  21 orc wizards
  20 gnolls
  9 adders
  A shadow imp (D:7)
  2 white imps (D:7)
  2 ufetubi
  A worm (D:2)
  2 dart slugs
  41 orcs
  8 endoplasms
  7 giant cockroaches
  10 hobgoblins
  16 jackals
  4 quokkas
  11 ball pythons
  7 bats
  4 frilled lizards
  11 goblins
  5 kobolds
  6 rats
264 creatures vanquished.

Vanquished Creatures (others)
  An orc wizard (D:10)
1 creature vanquished.

Grand Total: 265 creatures vanquished

Notes
Turn   | Place    | Note
-------+----------+-------------------------------------------
     0 | D:1      | zlionsfan the Djinni Wanderer began the quest for the Orb.
     0 | D:1      | zlionsfan set off with the following items: a +2 falchion,
                  | a +0 scale mail, a potion of berserk rage.
     0 | D:1      | Reached XP level 1. HP: 15/15 MP: 0/0
   115 | D:1      | Reached XP level 2. HP: 20/21 MP: 0/0
   247 | D:1      | Reached skill level 1 in Fighting
   247 | D:1      | Reached XP level 3. HP: 26/27 MP: 0/0
   247 | D:1      | Learned a level 1 spell: Sandblast
   251 | D:1      | Reached skill level 5 in Long Blades
   637 | D:1      | Reached XP level 4. HP: 20/32 MP: 0/0
  1111 | D:2      | Found a faded altar of an unknown god.
  1119 | D:2      | Prayed at the altar of an unknown god.
  1119 | D:2      | Became a worshipper of Qazlal Stormbringer
  1119 | D:2      | Reached * piety under Qazlal
  1388 | D:2      | Reached XP level 5. HP: 38/38 MP: 0/0
  1388 | D:2      | Learned a level 2 spell: Scorch
  1677 | D:3      | Reached ** piety under Qazlal
  1861 | D:3      | Reached skill level 6 in Long Blades
  1865 | D:3      | Reached skill level 1 in Shields
  1865 | D:3      | Reached XP level 6. HP: 12/43 MP: 0/0
  2131 | D:3      | Found a glowing drain.
  2140 | Sewer    | Entered a sewer
  2234 | Sewer    | Noticed a water moccasin
  2243 | Sewer    | Killed a water moccasin
  2620 | D:3      | Found Jemonu's Jewellery Emporium.
  2759 | D:4      | Reached XP level 7. HP: 49/49 MP: 0/0
  2759 | D:4      | Learned a level 3 spell: Portal Projectile
  2767 | D:4      | Noticed Grinder
  2775 | D:4      | Paralysed by Grinder for 2 turns
  2783 | D:4      | Paralysed by Grinder for 3 turns
  3172 | D:4      | Paralysed by Grinder for 2 turns
  3174 | D:4      | Killed Grinder
  3175 | D:4      | Reached skill level 7 in Long Blades
  3175 | D:4      | Reached skill level 1 in Dodging
  3215 | D:4      | Found Sofaol's Serpentskin Sales.
  3215 | D:4      | Noticed a water moccasin
  3227 | D:4      | Killed a water moccasin
  3228 | D:4      | Reached XP level 8. HP: 30/56 MP: 0/0
  3228 | D:4      | Reached *** piety under Qazlal
  3321 | D:4      | Bought 5 curare-tipped darts for 60 gold pieces
  3396 | D:5      | Entered Level 5 of the Dungeon
  3467 | D:5      | Found a staircase to the Ecumenical Temple.
  3478 | Temple   | Entered the Ecumenical Temple
  3634 | D:5      | Noticed a yak
  3634 | D:5      | Noticed a yak
  4187 | D:5      | Noticed a yak
  4280 | D:5      | Reached skill level 8 in Long Blades
  4427 | D:6      | Reached XP level 9. HP: 62/62 MP: 0/0
  4427 | D:6      | Learned a level 3 spell: Frozen Ramparts
  4488 | D:6      | Noticed Sigmund
  4509 | D:6      | Reached **** piety under Qazlal
  4767 | D:6      | Killed Sigmund
  4848 | D:6      | Reached skill level 9 in Long Blades
  5268 | D:7      | Reached skill level 5 in Fighting
  5269 | D:7      | Reached XP level 10. HP: 52/70 MP: 0/0
  5269 | D:7      | Noticed a two-headed ogre
  5487 | D:7      | Reached skill level 5 in Armour
  5491 | D:7      | Found a basalt altar of Yredelemnul.
  5656 | D:7      | Found a sparkling altar of Nemelex Xobeh.
  5743 | D:7      | Found a hazy altar of Hepliaklqana.
  5913 | D:5      | Reached skill level 10 in Long Blades
  6359 | D:8      | Reached skill level 1 in Ranged Weapons
  6444 | D:8      | Reached ***** piety under Qazlal
  6898 | D:8      | Found a stormy altar of Qazlal.
  6948 | D:8      | Noticed Maggie
  6956 | D:8      | Killed Maggie
  7353 | D:9      | Found an opulent altar of Gozag.
  7412 | D:9      | Found an iron altar of Okawaru.
  7652 | D:9      | Found Popp's Assorted Antiques.
  7657 | D:9      | Bought a scroll of identify for 48 gold pieces
  7673 | D:9      | Reached skill level 1 in Stealth
  7764 | D:9      | Found an ornate altar of the Wu Jian Council.
  8032 | D:10     | Entered Level 10 of the Dungeon
  8069 | D:10     | Reached XP level 11. HP: 38/76 MP: 0/0
  8069 | D:10     | Learned a level 5 spell: Summon Mana Viper
  8348 | D:10     | Reached skill level 11 in Long Blades
  8435 | D:10     | Found a staircase to the Lair.
  9110 | D:10     | Found a shadowy altar of Dithmenos.
  9110 | D:10     | Found a white marble altar of Elyvilon.
  9331 | Lair:1   | Entered Level 1 of the Lair of Beasts
  9331 | Lair:1   | Noticed an oklob plant
  9351 | Lair:1   | Killed from afar by an oklob plant

Illustrated notes

Levels and vault maps discovered:
D:1:      lightli_arrival_statue_moat, layout_loops_ring
D:2:      layout_basic, ebering_ecumenical_altar_hall, wad_floor_pattern_1
D:3:      layout_basic, serial_shops, nicolae_shop_statue_plus,
          portal_sewer_entry_d
D:4:      layout_cave_pools, guppyfry_shop_venom, uniq_grinder
D:5:      layout_loops_ring, temple_doors_ab
D:6:      layout_basic, uniq_sigmund
D:7:      layout_basic, nemelex_xobeh_ov_fountains_minmay,
          mainiacjoe_overflow_catwalk, nzn_hepliaklqana_mist_gate
D:8:      layout_loops_corners, vehumet_statue,
          mainiacjoe_overflow_small_starburst, dk_noncrumbling_2, uniq_maggie
D:9:      layout_cave_pools, lemuel_round_altar,
          mainiacjoe_overflow_catch_the_wave, serial_shops,
          nicolae_shop_hallway_plus
D:10:     layout_cave_pods, amethyst_overflow_temple_binary,
          erik_lair_orcish_takeover
Temple:   hellmonk_temple_flake
Lair:1:   layout_loops_ring, portal_ice_cave_rime, minivault_27,
          dpeg_stationary_puzzle, grunt_megastairs_5

Skill      XL: |  1  2  3  4  5  6  7  8  9 10 11 |
---------------+----------------------------------+-----
Fighting       | 1 2 3 5 6 |  6.5
Long Blades    | 5 6 7 8 9 10 11 | 11.4
Shields        | 1 2 3 |  3.8
Spellcasting   | 2 3 4 |  4.7
Dodging        | 1 2 3 |  3.8
Armour         | 3 4 5 6 |  6.3
Ranged Weapons | 1 |  1.2
Stealth        | 1 |  1.0
Throwing       | |  1.6

Action                     |  1- 3 |  4- 6 |  7- 9 | 10-12 || total
---------------------------+-------+-------+-------+-------++-------
  Melee: Falchion          |   117 |   199 |   254 |   274 ||   844
         Punch             |       |     3 |     6 |     2 ||    11
   Fire: Sling             |       |     5 |     3 |       ||     8
         Shortbow          |       |       |     2 |     7 ||     9
  Throw: Throwing net      |       |       |       |     1 ||     1
   Cast: Sandblast         |     2 |       |     5 |       ||     7
    Use: Potion            |       |     1 |       |     4 ||     5
         Scroll            |       |       |    12 |     4 ||    16
   Stab: Held in net/web   |       |       |       |     1 ||     1
 Armour: Scale mail        |    72 |   147 |   178 |   135 ||   532
         Robe              |       |       |       |     2 ||     2
  Dodge: Dodged            |    62 |    93 |   136 |   105 ||   396
         Repelled          |       |       |       |     4 ||     4
  Block: Other             |       |    25 |    65 |    69 ||   159
